 Dungeon Crawl Stone Soup version 0.31-a0-851-g7ff8af7976 (webtiles) character file.

Game seed: 4801373024304999530

947 porpoise the Vexing (level 7, -9/51 HPs)
             Began as a Demonspawn Enchanter on Oct 6, 2023.
             Was an Initiate of Nemelex Xobeh.
             Mangled by Duvessa
             ... wielding a +1 rapier of venom
              (21 damage)
             ... on level 5 of the Dungeon.
             The game lasted 00:22:05 (5892 turns).

porpoise the Vexing (Demonspawn Enchanter)          Turns: 5892, Time: 00:22:05

Health: -9/51      AC:  8    Str:  8    XL:     7   Next: 89%
Magic:  11/12      EV: 12    Int: 20    God:    Nemelex Xobeh [......]
Gold:   218        SH:  4    Dex: 17    Spells: 5/13 levels left

rFire   . . .        a - +1 dagger (venom)
rCold   . . .        (no shield)
rNeg    . . .        i - +1 robe "Guawur" {rElec Dex+3}
rPois   .            (no helmet)
rElec   +            (no cloak)
rCorr   .            o - +0 pair of gloves
SInv    .            (no boots)
Will    .....        (no amulet)
Stlth   ++           (no ring)
HPRegen 0.28/turn    (no ring)
MPRegen 0.13/turn

%: no passive effects
@: lethally poisoned (-9 -> -13), invisible
A: hooves 1, icemail 1, big brain 1, condensation shield
a: Renounce Religion, Draw Escape, Draw Destruction, Draw Summoning


You were on level 5 of the Dungeon.
You worshipped Nemelex Xobeh.
Nemelex Xobeh was noncommittal.
You visited 2 branches of the dungeon, and saw 6 of its levels.

You collected 218 gold pieces.

Inventory:

Hand Weapons
 a - a +1 dagger of venom (weapon)
 b - a +4 short sword
 z - a +2 dagger
Missiles
 p - 5 boomerangs
 y - 5 poisoned darts (quivered)
Armour
 i - the +1 robe "Guawur" (worn) {rElec Dex+3}
   (You found it on level 2 of the Dungeon)

   Dex+3:     It affects your dexterity (+3).
   rElec:     It insulates you from electricity.
 o - a +0 pair of gloves (worn)
 u - a +2 robe of fire resistance
Wands
 q - a wand of mindburst (14)
 r - a wand of charming (9)
Scrolls
 e - a scroll of silence {unknown}
 f - a scroll of enchant armour {unknown}
 h - 2 scrolls of enchant weapon
 m - a scroll of teleportation
 n - a scroll of amnesia {unknown}
 t - a scroll of brand weapon {unknown}
 v - a scroll of vulnerability {unknown}
 w - a scroll of poison {unknown}
Potions
 c - a potion of invisibility
 g - a potion of heal wounds
 j - a potion of cancellation
 k - a potion of degeneration
 l - a potion of brilliance {unknown}
 x - a potion of lignification {unknown}


   Skills:
 - Level 2.8 Fighting
 + Level 4.0 Short Blades
 - Level 1.7 Dodging
 - Level 2.6 Stealth
 + Level 3.7 Spellcasting
 + Level 5.9 Hexes
 - Level 3.0 Ice Magic
 + Level 0.7 Invocations


You had 5 spell levels left.
You knew the following spells:

 Your Spells              Type           Power      Damage    Failure   Level
a - Confusing Touch       Hex            27%        N/A       3%          3
e - Ensorcelled Hibernat  Hex/Ice        42%        N/A       3%          2
t - Tukima's Dance        Hex            27%        N/A       3%          3

Your spell library contained the following spells:

 Spells                   Type           Power      Damage    Failure   Level
 Dazzling Flash           Conj/Hex       30%        N/A       12%         3
 Sublimation of Blood     Necr           3%         N/A       21%         2
 Petrify                  Tmut/Erth      3%         N/A       78%         4
 Irradiate                Conj/Tmut      1%         3d12      98%         5


Dungeon Overview and Level Annotations

Branches:
Dungeon (5/15)             Temple (1/1) D:5

Altars:
Cheibriados
Dithmenos
Fedhas
Gozag
Hepliaklqana
Kikubaaqudgha
Makhleb
Nemelex Xobeh
Okawaru
Qazlal
Ru
Sif Muna
Wu Jian
Xom
Yredelemnul

Annotations:
D:5 Duvessa
Temple 2 transporters


Innate Abilities, Weirdness & Mutations

You have large cloven feet.
A meltable icy envelope protects you from harm. (AC +4)
You have an unusually large brain. (Int +2)
A meltable shield of frost defends you. (SH +4)


Message History

You hit Duvessa but do no damage. Your kick misses Duvessa.
You feel very sick.
Duvessa hits you with a +1 rapier of venom!!
You are lethally poisoned!
You feel better. Duvessa closely misses you.
You closely miss Duvessa. Duvessa hits you but does no damage.
You are poisoned.
Duvessa closely misses you.
You barely miss Duvessa. Your kick misses Duvessa.
You feel sick.
Duvessa hits you with a +1 rapier of venom!
You are more poisoned.
You fade into invisibility!
You feel very sick.
Duvessa hits you with a +1 rapier of venom.
You are lethally poisoned!
You feel much better.
You feel very sick. Duvessa misses you. Duvessa hits you but does no damage.
You are more poisoned.
You hit Duvessa but do no damage.
Duvessa appears confused.
You kick Duvessa.
Duvessa is lightly wounded.
You feel very sick.
You feel very sick.
You feel very sick.
You see here 3 poisoned darts.
You feel very sick. Duvessa misses you. x2
You see here a poisoned dart.
You hit Duvessa but do no damage. Your kick misses Duvessa.
Duvessa is lightly wounded.
You feel sick. Duvessa hits you but does no damage.
You hit Duvessa but do no damage.
Duvessa is poisoned.
Duvessa is lightly wounded.
You feel sick. Duvessa misses you.
You hit Duvessa.
Duvessa looks as sick as possible!
Duvessa is lightly wounded.
You feel sick.
Duvessa hits you with a +1 rapier of venom!!
You die...
Your body disappears without a glow.

~P.~~#..)########'
..... ######...<#
#.....
.....#######...##
#..... ...............#
#..... ...(...........#
#.....
#.......##########.....
#...............##.....
#.....#.#.#.#.#.##.....
#.....@(........##.....
#....e#.......#....####
###......(......#.##
#!..#...>...#.#.#
###......)......#
#.#.......#.#.#
#...........#.#
#.#.#.#.#.#.#.#
#...........#.#


You could see Duvessa (berserk, confused, unable to see you, extremely
poisoned).

Vanquished Creatures
  Edmund (D:5)
  A black bear (D:4)
  A centaur (D:5)
  Blork the orc (D:4)
  A scorpion (D:4)
  Dowan (D:5)
  A hound (D:4)
  A jelly (D:4)
  An orc priest (D:5)
  A gnoll bouda (D:4)
  7 orc wizards
  3 gnolls
  4 adders
  2 ufetubi
  2 worms
  4 dart slugs
  11 orcs
  3 bats
  9 endoplasms
  3 giant cockroaches
  4 goblins
  6 hobgoblins
  4 jackals (D:3)
  8 quokkas
  7 ball pythons
  4 frilled lizards
  6 kobolds
  5 rats
102 creatures vanquished.

Vanquished Creatures (collateral kills)
  An orc wizard (D:4)
1 creature vanquished.

Grand Total: 103 creatures vanquished

Notes
Turn   | Place    | Note
-------+----------+-------------------------------------------
     0 | D:1      | porpoise the Demonspawn Enchanter began the quest for the
                  | Orb.
     0 | D:1      | Reached XP level 1. HP: 13/13 MP: 3/3
    54 | D:1      | Reached skill level 1 in Short Blades
   202 | D:1      | Gained mutation: A meltable shield of frost defends you.
                  | (SH +4) [demonic ancestry]
   202 | D:1      | Reached XP level 2. HP: 8/19 MP: 5/5
   445 | D:1      | Learned a level 2 spell: Ensorcelled Hibernation
   963 | D:2      | Gained mutation: A meltable icy envelope protects you from
                  | harm. (AC +4) [demonic ancestry]
   963 | D:2      | Reached XP level 3. HP: 24/24 MP: 6/6
   985 | D:2      | Learned a level 3 spell: Confusing Touch
  1013 | D:2      | Identified the +1 robe "Guawur" {rElec Dex+3}
  1138 | D:2      | Reached skill level 1 in Ice Magic
  1519 | D:2      | Reached XP level 4. HP: 30/30 MP: 7/7
  2149 | D:3      | Found a faded altar of an unknown god.
  2149 | D:3      | Found an iron altar of Okawaru.
  2157 | D:3      | Found a stormy altar of Qazlal.
  2159 | D:3      | Found a shimmering blue altar of Sif Muna.
  2160 | D:3      | Found a faded altar of an unknown god.
  2365 | D:3      | Reached skill level 4 in Hexes
  2599 | D:3      | Reached XP level 5. HP: 35/35 MP: 5/8
  3273 | D:3      | Learned a level 3 spell: Tukima's Dance
  3615 | D:4      | Gained mutation: You have an unusually large brain. (Int
                  | +2) [demonic ancestry]
  3615 | D:4      | Reached XP level 6. HP: 41/41 MP: 9/9
  3634 | D:4      | Reached skill level 5 in Hexes
  3818 | D:4      | Noticed Blork the orc
  3840 | D:4      | Killed Blork the orc
  3841 | D:4      | Reached skill level 1 in Fighting
  4009 | D:4      | Found a burning altar of Makhleb.
  4436 | D:5      | Entered Level 5 of the Dungeon
  4509 | D:4      | Gained mutation: You have large cloven feet. [demonic
                  | ancestry]
  4509 | D:4      | Reached XP level 7. HP: 27/48 MP: 11/11
  5450 | D:5      | Noticed Edmund
  5461 | D:5      | Killed Edmund
  5780 | D:5      | Found a staircase to the Ecumenical Temple.
  5797 | Temple   | Found a transporter.
  5797 | Temple   | Found a transporter.
  5797 | Temple   | Found a transporter.
  5797 | Temple   | Found a transporter.
  5797 | Temple   | Entered the Ecumenical Temple
  5818 | Temple   | Became a worshipper of Nemelex Xobeh the Trickster
  5839 | D:5      | Noticed Dowan
  5840 | D:5      | Noticed Duvessa
  5852 | D:5      | Killed Dowan
  5892 | D:5      | Mangled by Duvessa

Illustrated notes

Levels and vault maps discovered:
D:1:      erik_arrival_triangle_small, layout_loops_ring
D:2:      layout_basic, hangedman_decor_growths, kennysheep_generic_room_5
D:3:      layout_basic, chequers_temple_overflow_minitemple
D:4:      layout_loops_ring, mainiacjoe_overflow_surrounded_room,
          mainiacjoe_overflow_alcove_1, minmay_misc_feat_room,
          minmay_fractal_squares_gapless_5, uniq_blork_the_orc
D:5:      layout_basic, minmay_temple_entry_glass, serial_aquarium,
          aquarium_bridge_square [aquarium_subvault_wall,
          aquarium_subvault_bridge, aquarium_subvault_window,
          aquarium_subvault_window], aquarium_window_3, aquarium_window_1,
          aquarium_window_fake, aquarium_window_corner, aquarium_view_2d,
          aquarium_view_2e, aquarium_pool_S, grunt_ministairs_6, uniq_edmund,
          uniq_duvessa
Temple:   hellmonk_temple_divided_pantheon

Skill      XL: |  1  2  3  4  5  6  7 |
---------------+----------------------+-----
Short Blades   | 1 2 3 4 |  4.0
Ice Magic      | 1 2 3 |  3.0
Hexes          | 4 5 |  5.9
Fighting       | 1 2 |  2.8
Spellcasting   | 3 |  3.7
Dodging        | |  1.7
Stealth        | |  2.6
Invocations    | |  0.7

Action                     |  1- 3 |  4- 6 |  7- 9 || total
---------------------------+-------+-------+-------++-------
  Melee: Dagger            |   138 |   171 |    11 ||   320
         Punch             |     2 |     1 |       ||     3
         Short sword       |       |     5 |    65 ||    70
         Kick              |       |       |    23 ||    23
  Throw: Dart              |       |       |     6 ||     6
   Cast: Ensorcelled Hiber |     4 |    18 |    19 ||    41
         Confusing Touch   |       |     1 |     3 ||     4
  Evoke: Wand              |       |     1 |       ||     1
    Use: Scroll            |       |     2 |     3 ||     5
         Potion            |       |       |     7 ||     7
   Stab: Sleeping          |    13 |    16 |     9 ||    38
         Distracted        |     1 |     1 |       ||     2
         Confused          |       |     2 |     4 ||     6
 Armour: Robe              |    41 |    69 |    80 ||   190
  Dodge: Dodged            |    76 |    69 |    65 ||   210
  Block: Other             |    15 |    20 |    17 ||    52

Table legend: (Time is in decaauts)
 A = Elapsed time spent in this place.
 B = Non-inter-level travel time spent in this place.
 C = Inter-level travel time spent in this place.
 D = Time resting spent in this place.
 E = Time spent auto-exploring this place.
 F = Levels seen in this place.
 G = Mean time per level.
                   A        B        C        D        E       F      G
               +--------+--------+--------+--------+--------+-----+--------+
         Total |   5857 |   5565 |    292 |   1756 |   2638 |   6 |  976.2 |
       Dungeon |   5817 |   5533 |    284 |   1756 |   2638 |   5 | 1163.4 |
        Temple |     40 |     32 |      8 |      0 |      0 |   1 |   40.0 |
               +--------+--------+--------+--------+--------+-----+--------+

Top non-repeatable levels by time:
     D:4: 1997 daAuts
     D:3: 1285 daAuts
     D:2: 1059 daAuts
     D:1: 929 daAuts
     D:5: 545 daAuts
  Temple: 40 daAuts
